 Dungeon Crawl Stone Soup version 0.27-a0-1123-g2f9bb313c0 (webtiles) character file.

Game seed: 11205615076807703489

322 voltaire321 the Skirmisher (level 6, -2/39 HPs)
             Began as a Gargoyle Fighter on May 3, 2021.
             Killed by divine providence
             ... invoked by an orc priest
              (15 damage)
             ... on level 4 of the Dungeon.
             The game lasted 00:07:59 (3417 turns).

voltaire321 the Skirmisher (Gargoyle Fighter)       Turns: 3417, Time: 00:07:59

Health: -2/39      AC: 11    Str: 21    XL:     6   Next: 47%
Magic:  6/6        EV:  7    Int:  9    God:
Gold:   113        SH:  9    Dex:  9    Spells: 5/5 levels left

rFire    + . .     SeeInvis .   a - +0 flail
rCold    + . .     Faith    .   c - +0 kite shield
rNeg     + . .     Spirit   .   b - +0 scale mail
rPois    ∞         Reflect  .   (no helmet)
rElec    +         Harm     .   p - scarf {rC+ rF+}
rCorr    .         Rampage  .   (no gloves)
Will     .....                  (no boots)
Stlth    ..........             (no amulet)
HPRegen  0.13/turn              (no ring)
MPRegen  0.10/turn              (no ring)

@: no status effects
A: AC +4, negative energy resistance 1, electricity resistance, torment
resistance 1, unbreathing 1, petrification resistance
a: no special abilities


You were on level 4 of the Dungeon.
You visited 1 branch of the dungeon, and saw 4 of its levels.

You collected 113 gold pieces.

Inventory:

Hand Weapons
 a - a +0 flail (weapon)
Missiles
 o - 5 curare-tipped darts (quivered)
Armour
 b - a +0 scale mail (worn)
 c - a +0 kite shield (worn)
 p - a scarf of resistance (worn)
Scrolls
 e - 2 scrolls of teleportation {unknown}
 g - 2 scrolls of enchant armour {unknown}
 i - a scroll of identify {unknown}
 j - a scroll of acquirement {unknown}
 l - a scroll of fog {unknown}
 n - a scroll of enchant weapon {unknown}
Potions
 d - a potion of might
 f - a potion of attraction {unknown}
 h - a potion of mutation {unknown}
 k - a potion of berserk rage {unknown}
 m - 2 potions of brilliance {unknown}
 q - a potion of cancellation {unknown}


   Skills:
 + Level 4.7 Fighting
 + Level 3.7 Maces & Flails
 + Level 0.4 Throwing
 + Level 4.7 Armour
 + Level 4.7 Shields


You had 5 spell levels left.
You didn't know any spells.
Your spell library contained the following spells:

 Spells                   Type           Power      Damage    Failure   Level
 Beastly Appendage        Tmut           0%         N/A       99%         1
 Wereblood                Tmut           0%         N/A       99%         2
 Spider Form              Tmut/Pois      0%         N/A       100%        3
 Ice Form                 Ice/Tmut       0%         N/A       100%        4
 Hydra Form               Tmut           0%         N/A       100%        5


Dungeon Overview and Level Annotations

Branches:
Dungeon (4/15)
 Temple: D:4-7

Altars:
Dithmenos
Gozag
Vehumet
The Shining One


Innate Abilities, Weirdness & Mutations

Your stone body is resilient. (AC +4)
You are immune to poison.
You resist negative energy. (rN+)
You are resistant to electric shocks. (rElec)
You are resistant to unholy torment.
You can survive without breathing.
You are immune to petrification.


Message History

You hit the scorpion.
You kill the scorpion!
g - 2 scrolls labelled ZAORGH SEUMO (gained 1)
Found a stone staircase leading up.
There is a stone staircase leading up here.
You now have 113 gold pieces (gained 14).
q - a fizzy clear potion
m - 2 white potions (gained 1)
Found a shadowy altar of Dithmenos.
Found 14 stones.
Found a stone staircase leading up.
A kobold comes into view. It is wielding a +0 short sword.
The kobold shouts!
An orc priest comes into view.
It is wielding a +0 flail. 3 orcs come into view.
The orc priest shouts!
The orc shouts!
Found a scroll labelled SOYF FOFFOHARR.
An adder comes into view.
The kobold hits you but does no damage.
There is a stone staircase leading up here.
The adder hisses angrily.
The orc priest invokes the aid of Beogh against you.
Beogh smites you!
The kobold throws a stone.
You block the stone.
The kobold hits you with a +0 short sword.
You sock the kobold!
You kill the kobold!
The orc priest calls down the wrath of Beogh upon you.
Beogh smites you!
The orc priest hits you but does no damage.
Things that are here:
a +0 short sword; 2 stones You closely miss the orc priest.
The orc priest calls down the wrath of Beogh upon you.
Pain shoots through your body!
You thump the orc!
You kill the orc!
The orc priest calls down the wrath of Beogh upon you.
Beogh smites you!
You die...

#..# # #...## ..
#.....# #.#
##?..... #.#
#.....# ###.###
#....# #.....#
#...#
#.###.....###S.#
......_..@)oo##
###....(#####
#.....# ##.
###.### ###...
#.# ..... #.#
###... #.#
#...###
#.###.....#
#......#


You could see an orc priest, an adder and an orc.

Vanquished Creatures
  A centaur (D:3)
  2 scorpions
  5 adders
  2 worms (D:2)
  2 orcs
  3 ball pythons
  9 bats
  9 endoplasms
  6 giant cockroaches
  4 goblins
  7 hobgoblins
  6 jackals
  2 quokkas
  5 frilled lizards
  7 kobolds
  6 rats
76 creatures vanquished.

Vanquished Creatures (others)
  A frilled lizard (D:3)
  A plant (D:2)
  2 withered plants (D:2)
4 creatures vanquished.

Grand Total: 80 creatures vanquished

Notes
Turn   | Place    | Note
-------+----------+-------------------------------------------
     0 | D:1      | voltaire321 the Gargoyle Fighter began the quest for the
                  | Orb.
     0 | D:1      | Reached XP level 1. HP: 14/14 MP: 1/1
    94 | D:1      | Reached XP level 2. HP: 5/19 MP: 2/2
   750 | D:1      | Reached XP level 3. HP: 19/23 MP: 3/3
  1022 | D:2      | Found a faded altar of an unknown god.
  1710 | D:2      | Reached XP level 4. HP: 29/29 MP: 4/4
  2190 | D:3      | Found an opulent altar of Gozag.
  2263 | D:3      | Noticed a scorpion
  2275 | D:3      | Killed a scorpion
  2276 | D:3      | Reached XP level 5. HP: 19/33 MP: 5/5
  2614 | D:3      | Noticed a centaur
  2632 | D:3      | Killed a centaur
  2633 | D:3      | Reached XP level 6. HP: 14/39 MP: 6/6
  2836 | D:3      | Found a radiant altar of Vehumet.
  3017 | D:3      | Found a glowing golden altar of the Shining One.
  3396 | D:4      | Found a shadowy altar of Dithmenos.
  3417 | D:4      | Killed from afar by an orc priest

Illustrated notes

Levels and vault maps discovered:
D:1:      psy_arrival_dodecagon, layout_rooms, serial_glass, glass_columns_c,
          glass_columns_b, glass_columns_a, glass_columns_a, glass_columns_a,
          glass_columns_c, glass_columns_c, glass_columns_b
D:2:      layout_basic, shapermc_ecumenical_altar_flowoftime,
          minmay_strange_pillars, minivault_4
D:3:      layout_rooms, lemuel_crystal_altar, general_overflow_altar,
          nicolae_overflow_hidden_temple, lemuel_old_faithful
D:4:      kennysheep_the_goblin_king, layout_layer_cave,
          overflow_temple_1_default, nicolae_overflow_crystal_walls,
          serial_co_window_serial, co_window_paths_b, co_window_corner_a,
          co_window_cross_1, co_window_paths_a, co_window_cross_1,
          co_window_paths_a, co_window_corner_ca, co_window_broadway_b,
          co_window_corner_cb, co_window_corner_ca, glass_columns_b,
          glass_columns_a, glass_columns_b, glass_columns_c

Skill      XL: |  1  2  3  4 |
---------------+-------------+-----
Shields        | 4 |  4.7
Armour         | 4 |  4.7
Fighting       | 4 |  4.7
Maces & Flails | 3 |  3.7
Throwing       | |  0.4

Action                   |  1- 3 |  4- 6 || total
-------------------------+-------+-------++-------
Melee: Flail             |   136 |   161 ||   297
Armor: Scale mail        |    80 |   140 ||   220
Dodge: Dodged            |    53 |    75 ||   128
Block: Kite shield       |    58 |   123 ||   181

Table legend: (Time is in decaauts)
 A = Elapsed time spent in this place.
 B = Non-inter-level travel time spent in this place.
 C = Inter-level travel time spent in this place.
 D = Time resting spent in this place.
 E = Time spent auto-exploring this place.
 F = Levels seen in this place.
 G = Mean time per level.
                   A        B        C        D        E       F      G
               +--------+--------+--------+--------+--------+-----+--------+
         Total |   3562 |   3486 |     76 |    586 |   2120 |   4 |  890.5 |
       Dungeon |   3562 |   3486 |     76 |    586 |   2120 |   4 |  890.5 |
               +--------+--------+--------+--------+--------+-----+--------+

Top non-repeatable levels by time:
     D:2: 1263 daAuts
     D:1: 985 daAuts
     D:3: 933 daAuts
     D:4: 379 daAuts
